 Dungeon Crawl Stone Soup version 0.29.1-2-gbd0b4ee654 (webtiles) character file.

Game seed: 18317426713842815779

15143 mortz the Destroyer (level 11, -6/50 HPs)
             Began as a Deep Elf Conjurer on Oct 25, 2022.
             Was an Elder of Hepliaklqana.
             Mangled by a yak (12 damage)
             ... on level 1 of the Lair of Beasts on Oct 26, 2022.
             The game lasted 01:21:28 (14147 turns).

mortz the Destroyer (Deep Elf Conjurer)            Turns: 14147, Time: 01:21:28

Health: -6/50      AC: 11    Str:  4    XL:     11   Next: 98%
Magic:  24/30      EV: 13    Int: 28    God:    Hepliaklqana [****..]
Gold:   722        SH:  0    Dex: 13    Spells: 1/36 levels left

rFire   . . .      SeeInvis .   a - +3 dagger (speed)
rCold   . . .      Faith    .   (no shield)
rNeg    + . .      Spirit   .   D - +0 steam dragon scales
rPois   .          Reflect  .   r - +1 helmet
rElec   .          Harm     .   I - +0 cloak {Stlth+}
rCorr   .          Rampage  .   t - +0 pair of gloves
Will    ++...                   w - +1 pair of boots
Stlth   ++++......              (no amulet)
HPRegen 0.16/turn               j - ring of willpower
MPRegen 0.22/turn               F - ring of positive energy

@: no status effects
A: reduced essence
a: Renounce Religion, Recall Ancestor, Ancestor Identity, Transference, Idealise


You were on level 1 of the Lair of Beasts.
You worshipped Hepliaklqana.
Hepliaklqana was greatly pleased with you.
You visited 2 branches of the dungeon, and saw 11 of its levels.

You collected 722 gold pieces.

Inventory:

Hand Weapons
 a - a +3 dagger of speed (weapon)
 i - a +5 long sword
 n - a +2 dagger of holy wrath
 q - a +4 scimitar
 v - a +3 mace
 y - a +1 trident of venom
 A - a +3 scimitar of freezing
 M - a +3 scimitar of flaming
 O - a +5 hand axe of flaming
Missiles
 L - 7 throwing nets
Armour
 r - a +1 helmet (worn)
 s - a scarf of repulsion
 t - a +0 pair of gloves (worn)
 w - a +1 pair of boots (worn)
 x - a +1 ring mail of fire resistance
 D - +0 steam dragon scales (worn)
 I - a +0 cloak of stealth (worn)
 N - a +0 leather armour of cold resistance
Magical Staves
 G - a staff of cold
Jewellery
 j - a ring of willpower (left hand)
 F - a ring of positive energy (right hand)
Wands
 e - a wand of flame (43)
 h - a wand of roots (10)
 H - a wand of mindburst (5)
Scrolls
 g - 6 scrolls of teleportation
 k - 2 scrolls of summoning
 B - a scroll of butterflies {unknown}
 C - 2 scrolls of enchant weapon
 P - a scroll of poison
Potions
 b - a potion of magic
 c - 3 potions of lignification
 d - 2 potions of flight
 f - a potion of ambrosia {unknown}
 l - 2 potions of might
 m - a potion of brilliance
 o - a potion of mutation
 p - a potion of invisibility
 u - a potion of haste {unknown}
 z - 3 potions of curing
 E - a potion of heal wounds {unknown}
 K - 2 potions of resistance {unknown}
 Q - a potion of attraction {unknown}
Miscellaneous
 J - a phial of floods


   Skills:
 + Level 1.4 Fighting
 + Level 1.0 Short Blades
 + Level 4.2 Dodging
 + Level 6.6 Stealth
 + Level 13.1 Spellcasting
 * Level 14.3 Conjurations
 * Level 7.6 Translocations
 * Level 6.9 Earth Magic


You had one spell level left.
You knew the following spells:

 Your Spells              Type           Power      Damage    Failure   Level
a - Magic Dart            Conj           100%       1d8       0%          1
b - Searing Ray           Conj           100%       2d8       0%          2
f - Fireball              Conj/Fire      27%        3d12      4%          5
i - Iskenderun's Mystic   Conj/Tloc      68%        2d14      1%          4
o - Orb of Destruction    Conj           39%        9d11      7%          7
p - Passwall              Tmut/Erth      30%        N/A       1%          2
q - Iron Shot             Conj/Erth      33%        9d7       5%          6
s - Stone Arrow           Conj/Erth      100%       3d13      1%          3
I - Iskenderun's Battles  Conj           78%        2d13      1%          5

Your spell library contained the following spells:

 Spells                   Type           Power      Damage    Failure   Level
 Apportation              Tloc           100%       N/A       1%          1
 Sandblast                Erth           100%       2d20      1%          1
 Necrotise                Necr           72%        1d7       3%          1
 Summon Small Mammal      Summ           72%        N/A       3%          1
 Dazzling Flash           Conj/Hex       100%       N/A       1%          3
 Gell's Gravitas          Tloc           57%        N/A       1%          3
 Lesser Beckoning         Tloc           57%        N/A       1%          3
 Portal Projectile        Hex/Tloc       78%        N/A       1%          3
 Teleport Other           Tloc           57%        N/A       1%          3
 Fulminant Prism          Conj/Hex       27%        3d14      1%          4
 Sublimation of Blood     Necr           18%        N/A       4%          2
 Wereblood                Tmut           18%        N/A       4%          2
 Leda's Liquefaction      Hex/Erth       18%        N/A       7%          4
 Call Canine Familiar     Summ           18%        N/A       9%          3
 Dispersal                Tloc           28%        N/A       19%         6
 Conjure Ball Lightning   Conj/Air       27%        3x3d8     24%         6
 Summon Ice Beast         Ice/Summ       18%        N/A       28%         4
 Alistair's Intoxication  Tmut/Pois      12%        N/A       63%         5
 Summon Mana Viper        Hex/Summ       18%        N/A       63%         5
 Spellforged Servitor     Conj/Summ      27%        N/A       78%         7
 Monstrous Menagerie      Summ           9%         N/A       100%        7
 Summon Hydra             Summ           9%         N/A       100%        7
 Disjunction              Tloc           28%        N/A       100%        8


Dungeon Overview and Level Annotations

Branches:
Dungeon (10/15) Zot: 24811  Temple (0/1) D:6            Lair (1/5) D:8 Zot: 5722
    Orc (0/2) D:10

Altars:
Dithmenos
Elyvilon
Fedhas
Gozag
Hepliaklqana
Kikubaaqudgha
Makhleb
Nemelex Xobeh
Qazlal
Ru
Sif Muna
Uskayaw
Vehumet
Wu Jian
Yredelemnul
The Shining One

Shops:
D:3 :[=[   D:9 :

Annotations:
D:7 exclusion: knight
D:9 3 runed translucent doors, Smersh616's ghost, journeyman TeBe


Message History

Press: ? - help, Shift-Dir - straight line, f/p - basilisk
Aim: a basilisk (moderately wounded, ally target, 72% to hit)
Glurtz avoids your attack.
The stone arrow misses the basilisk.
The bullfrog closely misses glurtz.
Glurtz hits the basilisk with a +0 flail!
The yak gores you!
The basilisk barely misses glurtz.
Glurtz blocks the bullfrog's attack.
The yak attacks as you move away! The yak closely misses you.
Glurtz hits the basilisk with a +0 flail!
Glurtz blocks the bullfrog's attack.
Glurtz blocks the basilisk's attack.
The bullfrog hits glurtz but does no damage.
Glurtz barely misses the basilisk.
Glurtz blocks the basilisk's attack.
Glurtz blocks the bullfrog's attack.
The yak attacks as you move away! The yak gores you.
Glurtz hits the basilisk with a +0 flail!
The bullfrog closely misses glurtz.
The basilisk completely misses glurtz.
You see here an emerald potion.
The yak attacks as you move away! The yak gores you!
Glurtz hits the basilisk with a +0 flail.
The basilisk dies!
The yak attacks as you move away! The yak gores you!
Glurtz blocks the yak's attack.
The yak attacks as you move away! The yak closely misses you.
The black mamba misses you.
The black mamba attacks as you move away!
The black mamba bites you.
You are lethally poisoned!
The black mamba poisons you! The yak attacks as you move away!
The yak gores you but does no damage.
* * * LOW HITPOINT WARNING * * *
You feel very sick.
The bullfrog releases a deep croak.
The black mamba bites you!
* * * LOW HITPOINT WARNING * * *
Okay, then.
Okay, then.
You feel better. The black mamba bites you.
* * * LOW HITPOINT WARNING * * *
The yak gores you!
You die...

........... ...........
###............ .##....# #......
. ......# #...# ..
................ #...# .P.
..........##...####F..#######...≈
.........# #.....YY..RY!.....†...
.........###....@SYY...Y......?..
.........##.........######P#...#.
.........###...#P##.# ###.....
.........###...####.# ...#.
...............# ..# Y....
......###.##...# #.# .Y>##
###...# ####...# #.# ...# #...#
#...P# #.. #...# ....##


You could see the friendly glurtz the knight, a black mamba, 6 yaks and a
bullfrog.

Vanquished Creatures
  3 two-headed ogres
  Erica (D:9)
  A gargoyle (D:10)
  A cane toad (Lair:1)
  4 hornets
  6 spriggans (D:10)
  A shadow (D:10)
  2 wyverns (D:9)
  7 yaks
  An unseen horror simulacrum (D:9)
  2 steam dragons
  Duvessa (D:6)
  4 water moccasins
  An ice beast (D:7)
  3 orc warriors
  An ogre (D:4)
  A wolf (D:9)
  4 centaurs
  3 bullfrogs
  2 gnoll sergeants
  3 necrophages
  2 scorpions (D:5)
  9 wights
  Dowan (D:6)
  5 killer bees
  2 jellies
  A hound (D:5)
  2 orc priests
  A gnoll bouda (D:9)
  3 iguanas
  An orc wizard (D:5)
  Robin (D:4)
  5 adders
  15 gnolls
  A shadow imp (D:8)
  A white imp (D:9)
  A worm (D:5)
  3 dart slugs
  14 orcs
  5 ball pythons
  4 bats
  7 endoplasms
  2 giant cockroaches
  17 goblins
  11 hobgoblins
  7 jackals
  4 quokkas
  6 frilled lizards
  11 kobolds
  6 rats
200 creatures vanquished.

Vanquished Creatures (collateral kills)
  Erolcha (D:9)
  2 two-headed ogres
  Harold (D:9)
  Maurice (D:9)
  Sigmund (D:6)
  A spriggan (D:10)
  A wyvern (D:10)
  2 yaks (D:9)
  A basilisk (Lair:1)
  An acid dragon (D:10)
  2 black bears (D:8)
  A sky beast (D:6)
  A wolf (D:9)
  3 centaurs
  2 kobold brigands
  A gnoll sergeant (D:8)
  6 wights
  5 killer bees
  2 howler monkeys
  2 hounds (D:6)
  An orc priest (D:9)
  4 iguanas
  2 orc wizards (D:5)
  8 gnolls
  3 orcs
  A goblin (D:4)
  3 kobolds
59 creatures vanquished.

Vanquished Creatures (others)
  2 knights
  An ancestor (D:6)
  15 fungi (D:8)
  17 plants (D:8)
35 creatures vanquished.

Grand Total: 294 creatures vanquished

Notes
Turn   | Place    | Note
-------+----------+-------------------------------------------
     0 | D:1      | mortz the Deep Elf Conjurer began the quest for the Orb.
     0 | D:1      | Reached XP level 1. HP: 10/10 MP: 6/6
   375 | D:1      | Reached XP level 2. HP: 15/15 MP: 6/8
   463 | D:1      | Learned a level 2 spell: Searing Ray
   757 | D:1      | Reached skill level 5 in Conjurations
  1328 | D:2      | Reached XP level 3. HP: 19/19 MP: 5/9
  1375 | D:2      | Found a faded altar of an unknown god.
  1739 | D:2      | You fall into a shaft and drop 2 floors!
  1740 | D:4      | Noticed a necrophage
  1747 | D:3      | Reached XP level 4. HP: 24/24 MP: 6/11
  1823 | D:3      | Found Zuyvur's Jewellery Boutique.
  1872 | D:3      | Found Visingos's Antique Armour Shop.
  2041 | D:2      | Found a hazy altar of Hepliaklqana.
  2049 | D:2      | Became a worshipper of Hepliaklqana the Forgotten
  2384 | D:3      | Found Hyiwegrir's Armour Shoppe.
  2558 | D:3      | Found Ihiatz's Book Boutique.
  2710 | D:3      | Reached skill level 1 in Translocations
  3074 | D:4      | Killed a necrophage
  3075 | D:4      | Reached skill level 6 in Conjurations
  3075 | D:4      | Reached XP level 5. HP: 28/28 MP: 8/14
  3163 | D:4      | Noticed an ogre
  3184 | D:4      | Killed an ogre
  3185 | D:4      | Reached skill level 5 in Spellcasting
  3185 | D:4      | Reached XP level 6. HP: 32/32 MP: 3/15
  3356 | D:4      | Found a hazy altar of Hepliaklqana.
  3676 | D:4      | Reached * piety under Hepliaklqana
  3791 | D:4      | Noticed Robin
  4078 | D:4      | Killed Robin
  4329 | D:5      | Entered Level 5 of the Dungeon
  4902 | D:5      | Reached XP level 7. HP: 32/32 MP: 10/18
  5753 | D:6      | Reached skill level 7 in Conjurations
  5758 | D:6      | Learned a level 4 spell: Iskenderun's Mystic Blast
  5761 | D:6      | Learned a level 2 spell: Passwall
  5765 | D:6      | Learned a level 3 spell: Stone Arrow
  5930 | D:6      | Reached ** piety under Hepliaklqana
  5931 | D:6      | Remembered your ancestor glurtz as a knight
  5954 | D:6      | Reached skill level 1 in Earth Magic
  6028 | D:6      | Noticed a hornet
  6032 | D:6      | Noticed Sigmund
  6035 | D:6      | Killed a hornet
  6036 | D:6      | Reached XP level 8. HP: 29/36 MP: 13/21
  6043 | D:6      | Killed Sigmund
  6044 | D:6      | Reached skill level 8 in Conjurations
  6196 | D:6      | Found a staircase to the Ecumenical Temple.
  6248 | D:6      | Noticed Duvessa
  6311 | D:6      | Noticed Dowan
  6732 | D:6      | Killed Duvessa
  6734 | D:6      | Killed Dowan
  7153 | D:7      | Reached skill level 9 in Conjurations
  7153 | D:7      | Reached XP level 9. HP: 40/40 MP: 15/23
  7939 | D:7      | Reached *** piety under Hepliaklqana
  8307 | D:8      | Reached skill level 10 in Conjurations
  8307 | D:8      | Reached skill level 5 in Translocations
  8318 | D:8      | Reached skill level 10 in Spellcasting
  8572 | D:8      | Noticed a two-headed ogre
  8578 | D:8      | Killed a two-headed ogre
  8579 | D:8      | Reached skill level 1 in Short Blades
  8650 | D:8      | Learned a level 5 spell: Iskenderun's Battlesphere
  8670 | D:8      | Reached XP level 10. HP: 45/45 MP: 21/26
  8680 | D:8      | Noticed a two-headed ogre
  9077 | D:8      | Reached skill level 5 in Stealth
  9098 | D:8      | Reached skill level 11 in Conjurations
  9438 | D:8      | Killed a two-headed ogre
  9972 | D:8      | Found a staircase to the Lair.
  9978 | D:8      | Reached skill level 5 in Earth Magic
 10330 | D:9      | Noticed a two-headed ogre
 10341 | D:9      | Killed a two-headed ogre
 10540 | D:9      | Noticed Maurice
 10549 | D:9      | Killed Maurice
 10579 | D:9      | Found Itanomou's Book Shop.
 10596 | D:9      | Reached skill level 12 in Conjurations
 10598 | D:9      | Reached skill level 1 in Fighting
 10711 | D:9      | Noticed Erica
 10724 | D:9      | Killed Erica
 10725 | D:9      | Reached XP level 11. HP: 50/50 MP: 15/29
 10898 | D:9      | Found a white marble altar of Elyvilon.
 10901 | D:9      | Found a radiant altar of Vehumet.
 10901 | D:9      | Found a sacrificial altar of Ru.
 10901 | D:9      | Found a stormy altar of Qazlal.
 10903 | D:9      | Found a sparkling altar of Nemelex Xobeh.
 10904 | D:9      | Found a burning altar of Makhleb.
 10930 | D:9      | Noticed Harold
 10949 | D:9      | Killed Harold
 11144 | D:9      | Found a runed translucent gate.
 11146 | D:9      | Found a runed translucent gate.
 11146 | D:9      | Found a runed translucent gate.
 11150 | D:9      | Noticed Smersh616's ghost (journeyman TeBe)
 11182 | D:9      | Noticed Erolcha
 11191 | D:9      | Killed Erolcha
 11210 | D:9      | Reached skill level 13 in Conjurations
 11683 | D:10     | Entered Level 10 of the Dungeon
 11967 | D:10     | Noticed a two-headed ogre
 11999 | D:10     | Reached **** piety under Hepliaklqana
 12496 | D:10     | Noticed a two-headed ogre
 12512 | D:10     | Killed a two-headed ogre
 12831 | D:10     | Found a staircase to the Orcish Mines.
 13013 | D:10     | Found a basalt altar of Yredelemnul.
 13013 | D:10     | Found a hide-covered altar of Uskayaw.
 13013 | D:10     | Found an ornate altar of the Wu Jian Council.
 13013 | D:10     | Found an opulent altar of Gozag.
 13014 | D:10     | Found an ancient bone altar of Kikubaaqudgha.
 13014 | D:10     | Found a shadowy altar of Dithmenos.
 13016 | D:10     | Found a blossoming altar of Fedhas.
 13016 | D:10     | Found a glowing golden altar of the Shining One.
 13016 | D:10     | Found a shimmering blue altar of Sif Muna.
 13576 | D:10     | Killed a two-headed ogre
 13577 | D:10     | Reached skill level 14 in Conjurations
 13795 | D:8      | Learned a level 5 spell: Fireball
 13802 | D:8      | Learned a level 6 spell: Iron Shot
 13810 | D:8      | Learned a level 7 spell: Orb of Destruction
 13811 | Lair:1   | Entered Level 1 of the Lair of Beasts
 14146 | Lair:1   | HP: 1/50 [black mamba (10)]
 14147 | Lair:1   | Mangled by a yak

Illustrated notes

Levels and vault maps discovered:
D:1:      wheals_arrival_linesprint, layout_basic
D:2:      layout_basic, basic_altar, shapermc_ecumenical_altar_totnotflames
D:3:      layout_loops_cross, serial_shops, shop, shop, shop, shop,
          small_statue_intersection
D:4:      layout_gridville, nicolae_hepliaklqana_hippocampus, uniq_robin
D:5:      layout_cave_pools
D:6:      layout_basic, minmay_temple_entry_tees, lemuel_flamethrower_1,
          uniq_duvessa, uniq_sigmund
D:7:      layout_basic
D:8:      layout_basic, grunt_lair_entry_orc_guard_hut
D:9:      layout_loops_ring, grunt_temple_overflow_open, serial_ice,
          serial_ice_c, serial_ice_e, serial_ice_d, serial_ice_m,
          gammafunk_ghost_spectres, serial_shops, shop, uniq_harold,
          uniq_maurice, uniq_erolcha, uniq_erica
D:10:     kb_forest_paths, layout_stronghold, nicolae_overflows_in_rows,
          minmay_statues_item, solitary_fountain
Lair:1:   statuecave_lemuel, layout_small_grid, nicolae_lair_lindhole

Skill      XL: |  1  2  3  4  5  6  7  8  9 10 11 |
---------------+----------------------------------+-----
Conjurations   | 5 6 7 9 10 12 14 | 14.3
Spellcasting   | 4 5 6 7 8 10 12 13 | 13.1
Translocations | 1 2 3 4 5 6 7 |  7.6
Stealth        | 3 4 6 |  6.6
Dodging        | 3 4 |  4.2
Earth Magic    | 1 3 4 5 6 |  6.9
Short Blades   | 1 |  1.0
Fighting       | 1 |  1.4

Action                   |  1- 3 |  4- 6 |  7- 9 | 10-12 || total
-------------------------+-------+-------+-------+-------++-------
Melee: Dagger            |     2 |       |     2 |     4 ||     8
 Cast: Magic Dart        |    48 |    75 |   129 |    89 ||   341
       Searing Ray       |    10 |    31 |    30 |    52 ||   123
       Stone Arrow       |       |       |     3 |    13 ||    16
       Iskenderun's Myst |       |       |       |     4 ||     4
       Passwall          |       |       |       |     1 ||     1
       Iskenderun's Batt |       |       |       |     1 ||     1
Invok: Recall Ancestor   |       |     2 |     1 |       ||     3
       Ancestor Identity |       |     1 |       |       ||     1
       Ancestor Life: Kn |       |       |     1 |       ||     1
  Use: Scroll            |     1 |     7 |     7 |     3 ||    18
       Potion            |       |     1 |       |     1 ||     2
 Stab: Sleeping          |     2 |       |     1 |     3 ||     6
Armor: Robe              |       |     1 |       |       ||     1
       Steam dragon scal |       |       |       |     7 ||     7
Dodge: Dodged            |     2 |    19 |    12 |    37 ||    70
